 Dungeon Crawl Stone Soup version 0.25-b1-50-g7b83aa72e5 (webtiles) character file.

Game seed: 662731263586622125

193 Delamore the Cudgeler (level 5, -6/32 HPs)
             Began as a Gargoyle Fighter on June 12, 2020.
             Killed by divine providence
             ... invoked by an orc priest
              (13 damage)
             ... on level 3 of the Dungeon.
             The game lasted 00:02:26 (1986 turns).

Delamore the Cudgeler (Gargoyle Fighter)            Turns: 1986, Time: 00:02:27

Health: -6/32      AC: 13    Str: 21    XL:     5   Next: 72%
Magic:  5/5        EV:  7    Int:  8    God:
Gold:   59         SH:  9    Dex:  9    Spells: 4/4 levels left

rFire    . . .     SeeInvis .   a - +0 flail
rCold    . . .     Gourm    .   c - +0 kite shield
rNeg     + . .     Faith    .   b - +0 scale mail
rPois    ∞         Spirit   .   (no helmet)
rElec    +         Reflect  .   p - +1 cloak {rCorr}
rCorr    +         Harm     .   (no gloves)
MR       .....                  (no boots)
Stlth    ..........             (no amulet)
HPRegen  0.10/turn              (no ring)
MPRegen  0.09/turn              (no ring)

@: slowed, very slow
A: negative energy resistance 1, electricity resistance, unbreathing,
petrification resistance, rot immunity, AC +4
a: no special abilities


You were on level 3 of the Dungeon.
You were hungry.

You visited 1 branch of the dungeon, and saw 3 of its levels.

You collected 59 gold pieces.

Inventory:

Hand Weapons
 a - a +0 flail (weapon)
Missiles
 l - 4 javelins (quivered)
Armour
 b - a +0 scale mail (worn)
 c - a +0 kite shield (worn)
 m - a +0 plate armour
 p - a +1 cloak of preservation (worn)
Scrolls
 e - a scroll of teleportation {unknown}
 h - 2 scrolls of remove curse {unknown}
 j - a scroll of magic mapping {unknown}
 k - 4 scrolls of identify {unknown}
 n - a scroll of amnesia {unknown}
Potions
 d - a potion of might
 g - a potion of curing {unknown}
 i - a potion of haste {unknown}
 o - a potion of heal wounds {unknown}
 q - a potion of flight {unknown}
 r - a potion of mutation {unknown}
 s - a potion of lignification {unknown}
Comestibles
 f - 4 rations


   Skills:
 - Level 3.2 Fighting
 + Level 5.7 Maces & Flails
 - Level 3.2 Armour
 - Level 3.2 Shields


You had 4 spell levels left.
You didn't know any spells.
Your spell library was empty.

Dungeon Overview and Level Annotations

Branches:
Dungeon (3/15)

Altars:
Kikubaaqudgha


Innate Abilities, Weirdness & Mutations

You are resistant to torment.
Your stone body is resilient. (AC +4)
You are immune to poison.
You resist negative energy. (rN+)
You are resistant to electric shocks. (rElec)
You can survive without breathing.
You are immune to petrification.
You are immune to rotting.


Message History

The orc hits you but does no damage.
The orc wizard mumbles some strange words.
The orc wizard blinks!
The jackal barely misses you. The orc wizard closely misses you.
The orc priest closely misses you.
The orc wizard mumbles some strange words.
The orc wizard blinks!
The orc wizard casts a spell at you. The magic dart hits you!
* * * LOW HITPOINT WARNING * * *
You block the orc's attack. The orc wizard completely misses you.
You block the dart slug's attack.
There is a stone staircase leading up here.
The orc wizard gestures at you while chanting.
The magic dart hits you.
* * * LOW HITPOINT WARNING * * *
You block the jackal's attack. The orc barely misses you.
The orc wizard hits you but does no damage.
The orc priest calls down the wrath of Beogh upon you.
Beogh smites you!
You die...

#### ### ... ... #
# ..##).# .# ..
##.....##$##
...#....#.#....
...........# #
#......#.# #.
.#####w@.o...##.
#.
.....ooho......#
#.###
.#####.h......#
..... #..†..#.##
#.### #......##
.#.####..####.#
.........# #.###
#####...######.#..
#............. #


You could see an orc priest, 2 orc wizards, a dart slug, an orc and 2 jackals.

Vanquished Creatures
  Crazy Yiuf (D:2)
  Natasha (twice) (D:2)
  4 gnolls (D:3)
  2 adders (D:2)
  A dart slug (D:1)
  3 leopard geckos
  A ball python (D:2)
  A giant cockroach (D:2)
  5 goblins
  5 hobgoblins
  12 jackals
  7 bats
  2 frilled lizards
  5 kobolds
  6 rats
57 creatures vanquished.

Notes
Turn   | Place    | Note
-------+----------+-------------------------------------------
     0 | D:1      | Delamore the Gargoyle Fighter began the quest for the Orb.
     0 | D:1      | Reached XP level 1. HP: 14/14 MP: 1/1
   119 | D:1      | Reached XP level 2. HP: 19/19 MP: 2/2
   250 | D:1      | Reached skill level 3 in Maces & Flails
   534 | D:1      | Reached XP level 3. HP: 19/23 MP: 3/3
   814 | D:2      | Noticed Natasha
   821 | D:2      | Killed Natasha
   821 | D:2      | Reached skill level 4 in Maces & Flails
   821 | D:2      | Reached XP level 4. HP: 18/28 MP: 4/4
  1144 | D:2      | Noticed Natasha
  1149 | D:2      | Killed Natasha
  1359 | D:2      | Reached skill level 5 in Maces & Flails
  1360 | D:2      | Found an ancient bone altar of Kikubaaqudgha.
  1489 | D:2      | Reached XP level 5. HP: 28/32 MP: 5/5
  1534 | D:2      | Found a runed translucent door.
  1535 | D:2      | Noticed Crazy Yiuf
  1571 | D:2      | Killed Crazy Yiuf
  1986 | D:3      | Killed from afar by an orc priest

Illustrated notes

Levels and vault maps discovered:
D:1:      matt_arrival_los_fun, layout_basic
D:2:      layout_loops_ring, lemuel_coloured_pillars_altar, grunt_ministairs_5,
          uniq_natasha, uniq_crazy_yiuf_cottage
D:3:      kennysheep_goblin_castle, layout_loops_ring,
          chequers_temple_overflow_minitemple

Skill      XL: |  1  2  3  4 |
---------------+-------------+-----
Maces & Flails | 3 4 5 |  5.7
Fighting       | |  3.2
Armour         | |  3.2
Shields        | |  3.2

Action                   |  1- 3 |  4- 6 || total
-------------------------+-------+-------++-------
Melee: Flail             |   136 |    94 ||   230
  Eat: Chunk             |       |     3 ||     3
Armor: Scale mail        |    79 |    87 ||   166
Dodge: Dodged            |    57 |    59 ||   116
Block: Kite shield       |    95 |    62 ||   157
